[Event "December 19 Early 2023"]
[Site "https://www.chess.com"]
[Date "2023.12.19"]
[Round "8"]
[White "Nihal Sarin"]
[Black "Bortnyk, Olexandr"]
[Result "1-0"]
[Board "2"]
[TimeControl "180+1"]
[WhiteFideId "25092340"]
[BlackFideId "14120828"]
[WhiteElo "2689"]
[BlackElo "2731"]
[WhiteTeam "IND"]
[BlackTeam "UKR"]
[WhiteClock "0:01:37"]
[BlackClock "0:00:08"]

1. a3 g6 2. e4 Bg7 3. d4 c6 4. Nf3 d5 5. Nc3 Bg4 6. Be2 Bxf3 7. Bxf3 dxe4 8. Nxe4 Qxd4 9. Qe2 Nf6 10. c3 Qe5 11. Be3 Nbd7 12. Nxf6+ Nxf6 13. O-O-O O-O 14. Qc4 e6 15. Rhe1 Qf5 16. Qb3 Rfb8 17. c4 b5 18. Bxc6 bxc4 19. Qc2 Nd5 20. Qxf5 gxf5 21. Bd4 a5 22. Bxa8 Rxa8 23. Bxg7 Kxg7 24. Rd4 Rc8 25. Kd2 c3+ 26. bxc3 Nxc3 27. f3 Nd5 28. Rb1 Rc5 29. a4 Nb4 30. Rc1 Rxc1 31. Kxc1 Kf6 32. Rxb4 axb4 33. a5 1-0

[Event "December 19 Early 2023"]
[Site "https://www.chess.com"]
[Date "2023.12.19"]
[Round "8"]
[White "So, Wesley"]
[Black "Chigaev, Maksim"]
[Result "0-1"]
[Board "3"]
[TimeControl "180+1"]
[WhiteFideId "5202213"]
[BlackFideId "4108116"]
[WhiteElo "2767"]
[BlackElo "2561"]
[WhiteTeam "USA"]
[BlackTeam "ESP"]
[WhiteClock "0:00:01"]
[BlackClock "0:00:07"]

1. e4 e5 2. Nf3 Nc6 3. Bb5 a6 4. Ba4 Nf6 5. O-O Be7 6. d3 d6 7. c3 O-O 8. Nbd2 Re8 9. Re1 Bf8 10. Nf1 h6 11. Ng3 b5 12. Bc2 d5 13. Qe2 d4 14. h3 Be6 15. Bd2 Rb8 16. Bb3 dxc3 17. bxc3 a5 18. Red1 b4 19. Ba4 Bd7 20. Rdc1 Na7 21. Bxd7 Qxd7 22. d4 exd4 23. cxd4 Nb5 24. Qd3 Rbd8 25. e5 Nd5 26. Ne4 c6 27. Rc4 Nb6 28. Bxh6 f5 29. exf6 Nxc4 30. Nfg5 gxh6 31. f7+ Kg7 32. fxe8=Q Rxe8 33. Nh7 Qxd4 34. Qb1 Qxe4 0-1

[Event "December 19 Early 2023"]
[Site "https://www.chess.com"]
[Date "2023.12.19"]
[Round "8"]
[White "Kamsky, Gata"]
[Black "Korobov, Anton"]
[Result "1-0"]
[Board "4"]
[TimeControl "180+1"]
[WhiteFideId "2000024"]
[BlackFideId "14105730"]
[WhiteElo "2660"]
[BlackElo "2649"]
[WhiteTeam "USA"]
[BlackTeam "UKR"]
[WhiteClock "0:01:04"]
[BlackClock "0:00:37"]

1. d4 Nf6 2. Bf4 c5 3. e3 Nd5 4. Bg3 Qb6 5. Nc3 Nxc3 6. bxc3 e6 7. Bd3 Qa5 8. Qd2 Nc6 9. Nf3 d5 10. O-O c4 11. Be2 Ba3 12. Rab1 O-O 13. e4 dxe4 14. Ne5 Nxe5 15. Bxe5 f6 16. Bf4 Qd5 17. f3 f5 18. fxe4 fxe4 19. Be5 h6 20. Rxf8+ Bxf8 21. Qf4 Bd7 22. Rf1 Bc6 23. Qf7+ Kh8 24. Qg6 Qd7 25. Rf7 1-0

[Event "December 19 Early 2023"]
[Site "https://www.chess.com"]
[Date "2023.12.19"]
[Round "8"]
[White "Kovalev, Vladislav"]
[Black "Terry, Renato"]
[Result "1-0"]
[Board "5"]
[TimeControl "180+1"]
[WhiteFideId "13504398"]
[BlackFideId "3803457"]
[WhiteElo "2539"]
[BlackElo "2578"]
[WhiteTeam "FID"]
[BlackTeam "PER"]
[WhiteClock "0:00:04"]
[BlackClock "0:00:03"]

1. e4 e6 2. d4 d5 3. exd5 exd5 4. Nf3 Nc6 5. Bd3 Bd6 6. O-O Bg4 7. Re1+ Nge7 8. c3 Qd7 9. Nbd2 O-O 10. Nf1 Bf5 11. Ng3 Bxd3 12. Qxd3 Rfe8 13. Bd2 a6 14. Re2 Bxg3 15. hxg3 Qf5 16. Qe3 f6 17. Rae1 Qd7 18. Nh4 Kf7 19. Qf3 Kg8 20. g4 Rf8 21. Nf5 Nxf5 22. gxf5 Rad8 23. Re6 Qf7 24. Bf4 Rd7 25. Qg3 Kh8 26. b4 Nd8 27. R6e3 Nc6 28. a4 Ne7 29. Qg4 Kg8 30. Re6 Nc6 31. Qh3 Ne7 32. g4 Nc6 33. Qg3 Nd8 34. Kg2 Nc6 35. R1e2 Nd8 36. Qh4 Nc6 37. R6e3 Ne7 38. Re1 g5 39. Bxg5 fxg5 40. Qxg5+ Ng6 41. R1e2 Rd6 42. Re7 Qf6 43. Qxf6 Rdxf6 44. fxg6 Rxg6 45. f3 Rgf6 46. R2e3 Rc6 47. Kg3 Rd8 48. f4 h6 49. f5 Kf8 50. R7e6 Rdd6 51. Rxd6 cxd6 52. Kf4 Kf7 53. Rh3 Kg7 54. g5 h5 55. Rxh5 Rxc3 56. f6+ Kf7 57. Rh7+ Kf8 58. Rxb7 Rd3 59. Kf5 Rxd4 60. g6 Ke8 61. g7 1-0

[Event "December 19 Early 2023"]
[Site "https://www.chess.com"]
[Date "2023.12.19"]
[Round "8"]
[White "Szpar, Milosz"]
[Black "Vokhidov, Shamsiddin"]
[Result "0-1"]
[Board "6"]
[TimeControl "180+1"]
[WhiteFideId "1184989"]
[BlackFideId "14204223"]
[WhiteElo "2446"]
[BlackElo "2588"]
[WhiteTeam "POL"]
[BlackTeam "UZB"]
[WhiteClock "0:00:00"]
[BlackClock "0:01:00"]

1. e4 c5 2. Nf3 d6 3. d4 cxd4 4. Nxd4 Nf6 5. Nc3 Nc6 6. f3 e5 7. Nb3 Be7 8. Be3 O-O 9. Qe2 d5 10. exd5 Nxd5 11. Nxd5 Qxd5 12. Qd2 Qxd2+ 13. Bxd2 Nb4 14. Bxb4 Bxb4+ 15. c3 Be7 16. Bc4 Rd8 17. Ke2 b6 18. a4 a6 19. Rhd1 Bb7 20. Nd2 Kf8 21. Bb3 b5 22. Nf1 b4 23. Ne3 bxc3 24. bxc3 Rac8 25. Bd5 Rd7 26. Rab1 Bxd5 27. Nxd5 Bc5 28. Rd2 f6 29. Rbb2 Kf7 30. c4 Bd4 31. Rbc2 Ke6 32. f4 Rb7 33. fxe5 fxe5 34. Rd3 Rb1 35. Rg3 Rf8 36. Rf3 Rxf3 37. gxf3 Kd6 38. Ne3 Kc5 39. Kd3 Rb3+ 40. Ke4 Rxe3+ 0-1

[Event "December 19 Early 2023"]
[Site "https://www.chess.com"]
[Date "2023.12.19"]
[Round "8"]
[White "Maksimovic, Bojan"]
[Black "Grandelius, Nils"]
[Result "1/2-1/2"]
[Board "7"]
[TimeControl "180+1"]
[WhiteFideId "14408120"]
[BlackFideId "1710400"]
[WhiteElo "2527"]
[BlackElo "2573"]
[WhiteTeam "BIH"]
[BlackTeam "SWE"]
[WhiteClock "0:00:17"]
[BlackClock "0:00:09"]

1. Nf3 Nf6 2. g3 b5 3. Bg2 Bb7 4. O-O g6 5. d4 Bg7 6. Qd3 a6 7. Nbd2 O-O 8. e4 d6 9. a4 Nbd7 10. Re1 b4 11. e5 dxe5 12. dxe5 Nd5 13. e6 fxe6 14. Ng5 Ne5 15. Rxe5 Bxe5 16. Nxe6 Qd6 17. Nxf8 Rxf8 18. Nc4 Qc5 19. Ne3 Bd4 20. Bd2 Nxe3 21. Bxe3 Bxg2 22. Qxd4 Qc6 23. b3 Bh3 24. Qc4+ Qxc4 25. bxc4 Bf5 26. Rc1 Kf7 27. a5 Rb8 28. Bc5 b3 29. cxb3 Rxb3 30. Re1 Rb1 31. Rxb1 Bxb1 32. Be3 Ke6 33. Bf4 c5 34. Kf1 Bd3+ 35. Ke1 Bxc4 36. Kd2 Kd5 37. Kc3 Bb5 38. Be3 c4 39. h4 Ke4 40. Bb6 Kf3 41. Be3 e6 42. Kc2 Bc6 43. Kc3 Bd5 44. Bd4 Kg4 45. Be3 Kf5 46. Bd4 g5 47. hxg5 Kxg5 48. Be3+ Kg4 49. Bb6 Kf3 50. Be3 h5 51. Bb6 Kg4 52. Be3 Kf5 53. Bd4 Kg6 54. Be3 Kf7 55. Bd4 Ke8 56. Be3 Kd7 57. Bd4 Kd6 58. Be3 e5 59. Bb6 Ke6 60. Be3 Kf5 61. Bb6 Ke4 62. Bc7 Bf7 63. Bb8 Kd5 64. Bc7 e4 65. Bb6 Kc6 66. Kb4 Be6 67. Be3 Kd5 68. Kc3 Ke5 69. Kb4 Kf5 70. Kc3 Kg4 71. Bd4 Kf3 72. Be3 Ke2 73. Bd4 Kd1 74. Be3 Bf7 75. Bf4 Ke2 76. Be3 Kf3 77. Bd4 Kg4 78. Be3 Kf5 79. Kd4 Be6 80. Bd2 Bf7 81. Be3 Be6 82. Bd2 Bf7 83. Bc1 Be6 84. Bd2 1/2-1/2

[Event "December 19 Early 2023"]
[Site "https://www.chess.com"]
[Date "2023.12.19"]
[Round "8"]
[White "Shevchenko, Kirill"]
[Black "Beerdsen, Thomas"]
[Result "0-1"]
[Board "8"]
[TimeControl "180+1"]
[WhiteFideId "14129574"]
[BlackFideId "1030108"]
[WhiteElo "2603"]
[BlackElo "2550"]
[WhiteTeam "ROU"]
[BlackTeam "NED"]
[WhiteClock "0:00:07"]
[BlackClock "0:00:39"]

1. e4 e5 2. Nf3 Nc6 3. Nc3 Nf6 4. Nd5 Nb4 5. Nxf6+ Qxf6 6. Bc4 Bc5 7. d4 exd4 8. e5 Qg6 9. Ng5 d5 10. exd6 O-O 11. O-O Bxd6 12. Qxd4 Nxc2 13. Qd5 Nxa1 14. Bd3 Qh5 15. h3 Be6 16. Qe4 Rfe8 17. Be3 Bd7 18. Qd5 Re5 19. Qxb7 Rae8 20. Ne4 Rxe4 21. Bxe4 Qe5 22. Rxa1 Qh2+ 23. Kf1 Qh1+ 24. Ke2 Qxa1 0-1

[Event "December 19 Early 2023"]
[Site "https://www.chess.com"]
[Date "2023.12.19"]
[Round "8"]
[White "Truskavetsky, Alexandr"]
[Black "Rasulov, Vugar"]
[Result "0-1"]
[Board "9"]
[TimeControl "180+1"]
[WhiteFideId "14108577"]
[BlackFideId "13402390"]
[WhiteElo "2210"]
[BlackElo "2517"]
[WhiteTeam "RUS"]
[BlackTeam "AZE"]
[WhiteClock "0:00:40"]
[BlackClock "0:00:26"]

1. d4 Nf6 2. c4 e6 3. Nc3 Bb4 4. e3 b6 5. a3 Bxc3+ 6. bxc3 Nc6 7. Bd3 Ba6 8. e4 e5 9. Nf3 Qe7 10. O-O h6 11. d5 Na5 12. Qe2 c5 13. Ne1 d6 14. Nc2 Bc8 15. f4 Nb3 16. fxe5 Nxc1 17. Raxc1 Qxe5 18. Qd2 Ng4 19. g3 Qg5 20. Qe2 Ne5 21. Ne3 Bh3 22. Rf4 g6 23. Bc2 h5 24. Ba4+ Kf8 25. Ng2 Bg4 26. Qe3 Kg7 27. Rcf1 Qe7 28. Qf2 Bh3 29. Qe2 Raf8 30. R1f2 Bxg2 31. Kxg2 h4 32. g4 h3+ 33. Kg1 Qg5 34. Qe3 Rh4 35. Bd1 f6 36. Be2 Nxg4 37. Qg3 Nxf2 38. Rxh4 Qxg3+ 39. hxg3 g5 40. Rh5 Nxe4 41. Rxh3 f5 42. g4 f4 43. Bd3 Nf6 44. Rh2 Nxg4 45. Rg2 Ne5 46. Rxg5+ Kh6 47. Rxe5 dxe5 48. Kg2 Kg5 49. Kf3 Kf6 50. Bf1 Rg8 51. Ke4 Rg3 52. d6 Ke6 53. d7 Re3# 0-1

[Event "December 19 Early 2023"]
[Site "https://www.chess.com"]
[Date "2023.12.19"]
[Round "8"]
[White "Finek, Vaclav"]
[Black "Suleymanli, Aydin"]
[Result "0-1"]
[Board "10"]
[TimeControl "180+1"]
[WhiteFideId "23718293"]
[BlackFideId "13413937"]
[WhiteElo "2309"]
[BlackElo "2553"]
[WhiteTeam "CZE"]
[BlackTeam "AZE"]
[WhiteClock "0:00:03"]
[BlackClock "0:00:11"]

1. Nf3 Nf6 2. g3 d5 3. Bg2 Nbd7 4. O-O e5 5. d3 c6 6. e4 Bd6 7. Re1 O-O 8. exd5 cxd5 9. c4 d4 10. Nh4 a5 11. Nd2 Nc5 12. Nb3 Na6 13. Bg5 a4 14. Nd2 Nc5 15. Ne4 Ncxe4 16. Bxe4 h6 17. Bxf6 Qxf6 18. Qh5 a3 19. bxa3 Rxa3 20. Re2 Re8 21. Rb1 Bf8 22. Qf3 Qxf3 23. Nxf3 Re7 24. Ne1 g5 25. Reb2 Ra7 26. Nc2 f5 27. Bd5+ Kg7 28. Nb4 Rc7 29. Re2 Kf6 30. Bg2 Bxb4 31. Rxb4 Ra6 32. Reb2 Be6 33. Rb6 Ke7 34. Rxb7 Rxb7 35. Bxb7 Ra3 36. Rd2 g4 37. Bg2 Kd6 38. Bf1 Kc5 39. Rb2 Bd7 40. Be2 Bc6 41. Kf1 h5 42. Ke1 f4 43. Kd2 f3 44. Bd1 Ra8 45. Bc2 h4 46. a4 hxg3 47. hxg3 Rh8 48. Rb1 Rh2 49. Rf1 Kb4 50. Rb1+ Ka5 51. Rf1 Bd7 52. Bb3 Be6 53. Bc2 Kb4 54. Rb1+ Kc5 55. Rb5+ Kd6 56. Ke1 Rh1+ 57. Kd2 Rf1 58. Rb6+ Ke7 59. a5 Rxf2+ 60. Kc1 e4 61. dxe4 Bxc4 62. a6 Rxc2+ 63. Kxc2 f2 64. a7 f1=Q 65. a8=Q Bd3+ 66. Kb2 Qb1+ 67. Ka3 Qa1+ 0-1

[Event "December 19 Early 2023"]
[Site "https://www.chess.com"]
[Date "2023.12.19"]
[Round "8"]
[White "Ivic, Velimir"]
[Black "Durarbayli, Vasif"]
[Result "0-1"]
[Board "11"]
[TimeControl "180+1"]
[WhiteFideId "950122"]
[BlackFideId "13402935"]
[WhiteElo "2542"]
[BlackElo "2551"]
[WhiteTeam "SRB"]
[BlackTeam "AZE"]
[WhiteClock "0:00:00"]
[BlackClock "0:00:03"]

1. e4 c5 2. Nf3 d6 3. Bc4 Nf6 4. d3 e6 5. O-O a6 6. c3 Qc7 7. Re1 Be7 8. Bb3 O-O 9. d4 e5 10. a4 Bg4 11. d5 c4 12. Bc2 Nbd7 13. h3 Bh5 14. a5 Rfc8 15. Nbd2 b5 16. axb6 Nxb6 17. Nf1 Bd8 18. g4 Bg6 19. Ng3 Qe7 20. h4 h6 21. h5 Bh7 22. g5 hxg5 23. Bxg5 Nbd7 24. Nh4 Qf8 25. Ngf5 Kh8 26. Qf3 Ng8 27. Bd2 g6 28. hxg6 fxg6 29. Qh3 Qf6 30. Ng3 Nf8 31. Ng2 Rcb8 32. Ra2 Bb6 33. Ne3 Rb7 34. Qg2 Rf7 35. Ra4 Rc8 36. Rxa6 Bc5 37. Rea1 Nd7 38. Rc6 Rcf8 39. Rc7 Bb6 40. Ng4 Qh4 41. Rxd7 Rxd7 42. Ne3 Rdf7 43. Be1 Bc5 44. Bd1 Nf6 45. Nef1 Ng4 46. Bxg4 Qxg4 47. Ra4 Rf3 0-1

[Event "December 19 Early 2023"]
[Site "https://www.chess.com"]
[Date "2023.12.19"]
[Round "8"]
[White "Praggnanandhaa R"]
[Black "Alexandre, Anne Shopie Elizabeth"]
[Result "1-0"]
[Board "12"]
[TimeControl "180+1"]
[WhiteFideId "25059530"]
[BlackFideId "11902418"]
[WhiteElo "2665"]
[BlackElo "2845"]
[WhiteTeam "IND"]
[BlackTeam "HAI"]
[WhiteClock "0:00:56"]
[BlackClock "0:00:21"]

1. d4 Nf6 2. Bg5 d5 3. e3 c5 4. Bxf6 gxf6 5. Bb5+ Bd7 6. Bxd7+ Nxd7 7. Ne2 e6 8. O-O cxd4 9. exd4 f5 10. Nd2 Bd6 11. c4 dxc4 12. Nxc4 Nf6 13. Qb3 b6 14. Rad1 O-O 15. Nc3 Rc8 16. g3 Bb8 17. d5 Nxd5 18. Nxd5 exd5 19. Ne3 f4 20. Rxd5 Qf6 21. Rf5 Qg6 22. Nd5 Kh8 23. Qd3 Rcd8 24. Re1 Rfe8 25. Qd4+ Qg7 26. Rxe8+ Rxe8 27. Nf6 fxg3 28. hxg3 Bxg3 29. Kf1 Bh4 30. Qxh4 1-0

[Event "December 19 Early 2023"]
[Site "https://www.chess.com"]
[Date "2023.12.19"]
[Round "8"]
[White "Ter-Sahakyan, Samvel"]
[Black "Garcia Ramos, Daniel"]
[Result "1/2-1/2"]
[Board "13"]
[TimeControl "180+1"]
[WhiteFideId "13302531"]
[BlackFideId "32010311"]
[WhiteElo "2556"]
[BlackElo "2363"]
[WhiteTeam "ARM"]
[BlackTeam "ESP"]
[WhiteClock "0:00:06"]
[BlackClock "0:00:04"]

1. d4 d5 2. c4 e6 3. Nf3 Nf6 4. Nc3 c5 5. cxd5 Nxd5 6. e4 Nxc3 7. bxc3 cxd4 8. cxd4 Bb4+ 9. Bd2 Bxd2+ 10. Qxd2 O-O 11. Bc4 Nd7 12. O-O b6 13. Rad1 Bb7 14. Rfe1 Rc8 15. Bb3 h6 16. h3 Nf6 17. Qf4 Qc7 18. Ne5 Nd7 19. Re3 Nxe5 20. dxe5 Rfd8 21. Rd6 Qc1+ 22. Kh2 Ba6 23. Qh4 Qc7 24. Qf4 Qe7 25. h4 Rc5 26. Rg3 Kh8 27. Rxd8+ Qxd8 28. Qxf7 Qxh4+ 29. Rh3 Qxe4 30. Bxe6 Qxe5+ 31. f4 Qb8 32. Re3 Bb5 33. Bb3 Rc7 34. Qf5 Rc5 35. Qf7 Rc7 36. Qf5 Rc5 37. Re5 Rxe5 38. fxe5 Qd8 39. Qf4 Bd3 40. e6 Bg6 41. Ba4 Qe7 42. Bd7 Kh7 43. Kg3 a5 44. Qe5 Qa3+ 45. Kh2 Qe7 46. a4 Qh4+ 47. Kg1 Qe7 48. Qf4 Qc5+ 49. Kh2 Qh5+ 50. Kg3 Qc5 51. Qh4 Qd6+ 52. Qf4 Qe7 53. Qh4 Qd6+ 54. Qf4 Qe7 55. Kh2 Be8 56. Bxe8 Qxe8 57. Qf5+ Kh8 58. Qf7 Qb8+ 59. Kh1 Qe5 60. Qf8+ Kh7 61. e7 Qe1+ 62. Kh2 Qh4+ 63. Kg1 Qe1+ 64. Kh2 Qh4+ 65. Kg1 Qe1+ 66. Kh2 1/2-1/2

[Event "December 19 Early 2023"]
[Site "https://www.chess.com"]
[Date "2023.12.19"]
[Round "8"]
[White "Mitrabha, Guha"]
[Black "Vakhlamov, Igor L."]
[Result "0-1"]
[Board "14"]
[TimeControl "180+1"]
[WhiteFideId "5057000"]
[BlackFideId "24126748"]
[WhiteElo "2512"]
[BlackElo "2407"]
[WhiteTeam "IND"]
[BlackTeam "RUS"]
[WhiteClock "0:00:07"]
[BlackClock "0:00:05"]

1. Nf3 d5 2. d4 Nf6 3. Bf4 Bf5 4. c4 e6 5. Nc3 Bb4 6. e3 O-O 7. Qb3 Nc6 8. Be2 Ne4 9. O-O g5 10. Nxe4 gxf4 11. Nc3 fxe3 12. fxe3 dxc4 13. Bxc4 Bxc3 14. Qxc3 Be4 15. Nd2 Bd5 16. Bd3 f5 17. e4 fxe4 18. Nxe4 Rxf1+ 19. Rxf1 Bxe4 20. Bxe4 Qxd4+ 21. Qxd4 Nxd4 22. Rd1 c5 23. Kf2 Rd8 24. Rd3 Rd7 25. Rg3+ Kf8 26. Rh3 Kg8 27. Rg3+ Kf8 28. Rh3 Rf7+ 29. Ke3 Nf5+ 30. Kd3 Rg7 31. Kc3 b6 32. Rh5 Ke7 33. g3 Kf6 34. Bf3 Nd4 35. Be4 Nf5 36. Bf3 Nd6 37. g4 Nf7 38. h4 h6 39. Be2 Rg8 40. a4 Rd8 41. a5 Rd4 42. a6 Re4 43. Bd1 Rd4 44. Be2 Re4 45. Bd1 Rf4 46. Be2 Rf2 47. Kd3 Rg2 48. Ke3 Rg3+ 49. Bf3 Rg1 50. Kd2 Rb1 51. Kc2 Rf1 52. Be2 Rf4 53. Kc3 Ra4 54. g5+ hxg5 55. hxg5+ Nxg5 56. Rh8 Ne4+ 57. Kc2 c4 58. Ra8 Rxa6 59. Bxc4 Ra5 60. Rf8+ Ke7 61. Rh8 Nd6 62. Rh7+ Kf6 63. Bb3 Rc5+ 64. Kd3 Nf5 65. Rxa7 Rb5 66. Ra3 Ke5 67. Kc3 Nd6 68. Bc2 Rc5+ 69. Kd3 Nc4 70. Rb3 b5 71. Rb4 Nb6 72. Re4+ Kd6 73. Bb3 Nd5 74. Rh4 Nf6 75. Rh6 Rf5 76. Rh8 Nd5 77. Rd8+ Ke5 78. Rb8 Rf3+ 79. Kc2 Nb4+ 80. Kd2 Rxb3 81. Rxb5+ Ke4 82. Rb6 e5 83. Rh6 Rxb2+ 84. Kc3 Rb1 85. Rh4+ Kf3 86. Rh3+ Kg4 87. Rh8 Nd5+ 88. Kc4 Nf4 89. Kc3 Rd1 90. Kc2 Rd6 91. Rh1 e4 92. Re1 Kf5 93. Kc3 Ke5 94. Ra1 Rd3+ 95. Kc2 Nd5 96. Ra8 Rh3 97. Re8+ Kd4 98. Kd2 Rh2+ 99. Ke1 Ke3 100. Kf1 Nf4 101. Kg1 Rg2+ 102. Kf1 Ra2 103. Kg1 Kf3 104. Rg8 e3 105. Kh1 Ra1+ 106. Kh2 e2 107. Rg3+ Ke4 108. Rg8 Ra3 109. Re8+ Kf3 110. Re7 Ra2 111. Kg1 Ra1+ 112. Kh2 Nd3 113. Rf7+ Ke3 114. Re7+ Kd2 115. Rg7 e1=Q 116. Rg2+ Qe2 117. Kg3 Qxg2+ 118. Kxg2 0-1

[Event "December 19 Early 2023"]
[Site "https://www.chess.com"]
[Date "2023.12.19"]
[Round "8"]
[White "IM_ArthurDW08"]
[Black "Steinberg, Nitzan"]
[Result "1-0"]
[Board "15"]
[TimeControl "180+1"]
[BlackFideId "2801795"]
[WhiteElo "2779"]
[BlackElo "2486"]
[BlackTeam "ISR"]
[WhiteClock "0:00:49"]
[BlackClock "0:00:03"]

1. e4 c5 2. Nf3 d6 3. d4 cxd4 4. Nxd4 Nf6 5. Nc3 a6 6. h3 e6 7. g4 Nfd7 8. g5 b5 9. a3 Bb7 10. h4 Be7 11. Be3 Nc6 12. Nxc6 Bxc6 13. Qd4 O-O 14. O-O-O Qb8 15. h5 e5 16. Qb4 a5 17. Qb3 a4 18. Qb4 Re8 19. Nd5 Bd8 20. Qc3 Qb7 21. g6 fxg6 22. hxg6 h6 23. Bc4 bxc4 24. Qxc4 Kh8 25. Bxh6 gxh6 26. Rxh6+ Kg7 27. Rh7+ Kxg6 28. Ne7+ Kg5 29. Rg1+ Kf4 30. Rh4+ Kf3 31. Qd3+ Kxf2 32. Qg3+ Ke2 33. Re1# 1-0

[Event "December 19 Early 2023"]
[Site "https://www.chess.com"]
[Date "2023.12.19"]
[Round "8"]
[White "Pakleza, Zbigniew"]
[Black "Popov, Konstantin"]
[Result "0-1"]
[Board "16"]
[TimeControl "180+1"]
[WhiteFideId "1119290"]
[BlackFideId "34137910"]
[WhiteElo "2410"]
[BlackElo "2340"]
[WhiteTeam "POL"]
[BlackTeam "FID"]
[WhiteClock "0:00:03"]
[BlackClock "0:00:06"]

1. d4 Nf6 2. Nf3 b6 3. Bf4 Bb7 4. e3 g6 5. h3 Bg7 6. Be2 d6 7. O-O Nbd7 8. a4 a6 9. c3 O-O 10. Nbd2 Re8 11. Bh2 e5 12. Qb3 Rb8 13. Rfd1 Qe7 14. Rac1 h5 15. Bg3 Ne4 16. Nxe4 Bxe4 17. Bxa6 Bxf3 18. gxf3 h4 19. Bh2 Qg5+ 20. Kh1 Qf5 21. Kg2 Nf6 22. dxe5 dxe5 23. Qc2 e4 24. fxe4 Nxe4 25. Bxc7 Qg5+ 26. Kh1 Be5 27. Bxb8 Bxb8 28. Rg1 Qf5 29. Kg2 Qg5+ 30. Kf1 Qf5 31. Bd3 Qxh3+ 32. Ke1 Nxf2 33. Qxf2 Bg3 34. Rxg3 hxg3 35. Qg1 Rd8 36. Rd1 g2 37. Kd2 Qd7 38. Kc2 Qxa4+ 39. Kb1 Qg4 40. Bc2 Rxd1+ 41. Bxd1 Qe4+ 42. Bc2 Qf3 43. Ka2 Qf1 44. Qh2 g1=Q 45. Qb8+ Kg7 46. Qxb6 Qf6 47. Qb5 Qxe3 48. Bb3 Qee5 49. Qa4 Qb6 50. Qc4 Qea5+ 51. Kb1 Qg1+ 52. Kc2 Qf5+ 53. Qd3 0-1

[Event "December 19 Early 2023"]
[Site "https://www.chess.com"]
[Date "2023.12.19"]
[Round "8"]
[White "Jones, Gawain C B"]
[Black "Krzyzanowski, Marcin"]
[Result "0-1"]
[Board "17"]
[TimeControl "180+1"]
[WhiteFideId "409561"]
[BlackFideId "1132199"]
[WhiteElo "2645"]
[BlackElo "2471"]
[WhiteTeam "ENG"]
[BlackTeam "POL"]
[WhiteClock "0:00:02"]
[BlackClock "0:00:18"]

1. Nf3 Nf6 2. c4 e6 3. g3 d5 4. Bg2 dxc4 5. O-O Nbd7 6. Qa4 a6 7. Qxc4 c5 8. Qc2 Be7 9. Nc3 Ra7 10. d4 b6 11. dxc5 Bxc5 12. Ng5 h6 13. Nge4 Nxe4 14. Nxe4 Be7 15. Bf4 O-O 16. Rfd1 Bb7 17. Rac1 Bd5 18. Bc7 Qa8 19. Bf4 Nc5 20. Rxd5 exd5 21. Nc3 Rd8 22. Rd1 Ne4 23. Rxd5 Nxc3 24. Rd3 Nd5 25. Qb3 Rad7 26. Bd2 Qc6 27. h4 Qe6 28. Bf3 Nf6 29. Bf4 Rxd3 30. Qxe6 fxe6 31. exd3 Rxd3 32. Be2 Rd8 33. Bxa6 Bc5 34. Bc4 Kf7 35. Kg2 Nd5 36. Be5 Be7 37. b3 Bf6 38. Bxf6 gxf6 39. Kf3 Ke7 40. a4 Kd6 41. Kg4 Ke7 42. Kh5 Kf7 43. Bb5 f5 44. Kxh6 Rg8 45. g4 Rg6+ 46. Kh7 Nf6+ 47. Kh8 Rg8# 0-1

[Event "December 19 Early 2023"]
[Site "https://www.chess.com"]
[Date "2023.12.19"]
[Round "8"]
[White "Kravtsiv, Martyn"]
[Black "Arabidze, Meri"]
[Result "1-0"]
[Board "18"]
[TimeControl "180+1"]
[WhiteFideId "14113147"]
[BlackFideId "13604040"]
[WhiteElo "2689"]
[BlackElo "2416"]
[WhiteTeam "UKR"]
[BlackTeam "GEO"]
[WhiteClock "0:01:57"]
[BlackClock "0:00:00"]

1. e4 c5 2. Nf3 e6 3. d4 cxd4 4. Nxd4 Nc6 5. Nc3 Qc7 6. Be2 a6 7. O-O Nf6 8. Be3 Be7 9. f4 d6 10. Kh1 O-O 11. Qe1 Nxd4 12. Bxd4 b5 13. Qg3 Bb7 14. a3 Rad8 15. Rae1 Bc6 16. Bf3 Ne8 17. Qf2 Qb7 18. Nd5 exd5 19. exd5 Bxd5 20. Bxd5 Qxd5 21. Rxe7 Qf5 22. Ra7 Rc8 23. c3 Nc7 24. h3 h5 25. Re1 Ne6 26. Rxa6 Nxf4 27. Rxd6 Rce8 28. Rf1 Re4 29. Qg3 g5 30. Rf6 Ne2 31. Qd6 Qc8 32. Rg6+ 1-0

[Event "December 19 Early 2023"]
[Site "https://www.chess.com"]
[Date "2023.12.19"]
[Round "8"]
[White "Agibileg, Uurtsaikh"]
[Black "Materia, Marco"]
[Result "1-0"]
[Board "19"]
[TimeControl "180+1"]
[WhiteFideId "4901606"]
[BlackFideId "45150451"]
[WhiteElo "2288"]
[BlackElo "2451"]
[WhiteTeam "MGL"]
[BlackTeam "FRA"]
[WhiteClock "0:00:44"]
[BlackClock "0:00:04"]

1. d4 Nf6 2. c4 e6 3. Nc3 d5 4. cxd5 exd5 5. Bg5 Be7 6. e3 h6 7. Bh4 c6 8. Bd3 O-O 9. Qc2 a5 10. Nge2 Na6 11. a3 Ne8 12. Bg3 Nd6 13. O-O Nc7 14. f3 Bh4 15. Kh1 Bxg3 16. Nxg3 Ne6 17. Rad1 b5 18. Nce2 Nc4 19. Nf5 Nc7 20. Neg3 g6 21. Nxh6+ Kg7 22. Bxc4 dxc4 23. Ng4 Bxg4 24. fxg4 Nd5 25. Qf2 Qg5 26. Rde1 Rad8 27. h3 Nb6 28. Ne4 Qe7 29. Nf6 c5 30. Qh4 Rh8 31. Qg5 Nd5 32. Nh5+ Kf8 33. Qxg6 Ke8 34. Qc6+ Kf8 35. Qg6 Rg8 36. Qh6+ Ke8 37. e4 Rd6 38. Qh7 Kf8 39. exd5 Qb7 40. Re8+ Kxe8 41. Qxg8+ 1-0

[Event "December 19 Early 2023"]
[Site "https://www.chess.com"]
[Date "2023.12.19"]
[Round "8"]
[White "Dragun, Kamil"]
[Black "Le, Tuan Minh"]
[Result "0-1"]
[Board "20"]
[TimeControl "180+1"]
[WhiteFideId "1134167"]
[BlackFideId "12401153"]
[WhiteElo "2551"]
[BlackElo "2561"]
[WhiteTeam "POL"]
[BlackTeam "VIE"]
[WhiteClock "0:00:01"]
[BlackClock "0:00:05"]

1. d4 d5 2. c4 c6 3. Nc3 Nf6 4. e3 a6 5. Nf3 Bf5 6. cxd5 cxd5 7. Qb3 Ra7 8. Nh4 Be4 9. Nxe4 Nxe4 10. Bd3 e6 11. Nf3 Nf6 12. O-O Bd6 13. Ne5 O-O 14. Bd2 Nbd7 15. f4 Qa8 16. Rac1 b5 17. a4 bxa4 18. Qxa4 h6 19. Rc6 Bxe5 20. fxe5 Ne4 21. Bb4 Rb8 22. Rfc1 Nb6 23. Qc2 Rab7 24. Ba5 Nd7 25. b4 Nf8 26. Rxa6 Ra7 27. Rc6 Ng6 28. Bxe4 dxe4 29. Qxe4 Ne7 30. Qf3 Nxc6 31. Qxc6 Rab7 32. Rc5 Qa7 33. h3 Re8 34. Kh2 Rbb8 35. Bc7 Ra8 36. Ra5 Rec8 37. Rxa7 Rxa7 38. b5 Raxc7 39. Qd6 Rb7 40. b6 Rcb8 41. e4 Rxb6 42. Qe7 R6b7 43. Qd6 Rb6 44. Qd7 Rb2 45. d5 Re2 46. Qc7 Rbb2 47. d6 Rxg2+ 48. Kh1 Rgd2 49. Qc1 Rbc2 50. Qa1 Kh7 51. Qg1 Ra2 52. h4 Ra3 53. Qf1 Rad3 54. Qxf7 Rh3+ 55. Kg1 Rg3+ 56. Kf1 Ra3 57. Ke1 Rb2 58. Kd1 Ra1# 0-1

[Event "December 19 Early 2023"]
[Site "https://www.chess.com"]
[Date "2023.12.19"]
[Round "8"]
[White "Pranav, V"]
[Black "Matinian, Nikita"]
[Result "1-0"]
[Board "21"]
[TimeControl "180+1"]
[WhiteFideId "25060783"]
[BlackFideId "24129100"]
[WhiteElo "2562"]
[BlackElo "2417"]
[WhiteTeam "IND"]
[BlackTeam "FID"]
[WhiteClock "0:00:04"]
[BlackClock "0:00:01"]

1. e4 c5 2. Nf3 d6 3. d4 cxd4 4. Nxd4 Nf6 5. Nc3 g6 6. Be3 Nc6 7. Bc4 Bg7 8. f3 Bd7 9. Qd2 h5 10. O-O-O Ne5 11. Bb3 Rc8 12. h3 a6 13. g4 b5 14. f4 b4 15. Nd5 Nc4 16. Bxc4 Rxc4 17. Nxf6+ Bxf6 18. g5 Bg7 19. f5 Qa5 20. f6 exf6 21. Nb3 Qc7 22. Bd4 O-O 23. gxf6 Rc8 24. Rh2 Bf8 25. Kb1 a5 26. Rg2 Be8 27. Nc1 a4 28. b3 axb3 29. axb3 Rc6 30. Rg5 Rxc2 31. Qe3 Rb2+ 32. Bxb2 Qc2+ 33. Ka1 Ra8+ 34. Na2 Qxd1+ 35. Bc1 Qc2 36. Bb2 Bd7 37. Rg1 Be6 38. Rg3 Qd1+ 39. Bc1 h4 40. Rf3 Qc2 41. Bb2 Ra6 42. e5 dxe5 43. Qd3 Qxd3 44. Rxd3 Bf5 45. Rd8 Re6 46. Nxb4 e4 47. Nd5 e3 48. Ba3 e2 49. Rxf8+ Kh7 50. Rxf7+ Kh6 51. Bb4 e1=Q+ 52. Bxe1 Rxe1+ 53. Kb2 Be6 54. Re7 Re2+ 55. Ka3 Bg4 56. hxg4 Rxe7 57. fxe7 1-0